 Dungeon Crawl Stone Soup version 0.26.1 (webtiles) character file.

Game seed: 12162012542251113016

364 swilekon the Firebug (level 6, 0/36 HPs)
             Began as an Octopode Fire Elementalist on Feb 5, 2021.
             Killed by an exploding a quokka (36 damage)
             ... exploding inner flame
             ... on level 5 of the Dungeon.
             The game lasted 00:15:22 (4485 turns).

swilekon the Firebug (Octopode Fire Elementalist)   Turns: 4485, Time: 00:15:23

Health: 0/36       AC:  1    Str:  7    XL:     6   Next: 67%
Magic:  1/10       EV: 14    Int: 20    God:
Gold:   163        SH:  0    Dex: 12    Spells: 7/11 levels left

rFire    . . .     SeeInvis .   e - +0 dagger
rCold    . . .     Faith    .   (no shield)
rNeg     . . .     Spirit   .   (helmet restricted)
rPois    .         Reflect  .   d - amulet of regeneration
rElec    .         Harm     .   o - ring of flight
rCorr    .         Rampage  .   (no ring)
Will     .....                  (no ring)
Stlth    ++++......             (no ring)
HPRegen  0.52/turn              (no ring)
MPRegen  0.12/turn              (no ring)
                                (no ring)
                                (no ring)

@: no status effects
A: almost no armour, stealthy swim, amphibious, 8 rings, constrict 8, camouflage
1, gelatinous body 1
a: Evoke Flight


You were on level 5 of the Dungeon.
You visited 1 branch of the dungeon, and saw 5 of its levels.

You collected 163 gold pieces.

Inventory:

Hand Weapons
 e - a +0 dagger (weapon)
Jewellery
 d - an amulet of regeneration (around mantle)
 o - a ring of flight (left tentacle)
Scrolls
 b - 3 scrolls of magic mapping {unknown}
 c - a scroll of remove curse {unknown}
 g - a scroll of fear {unknown}
 i - a scroll of random uselessness {unknown}
 j - 2 scrolls of blinking {unknown}
 k - a scroll of teleportation {unknown}
 m - a scroll of amnesia {unknown}
 n - a scroll of fog {unknown}
Potions
 a - 2 potions of resistance {unknown}
 f - 2 potions of heal wounds {unknown}
 h - 4 potions of flight {unknown}
 l - a potion of curing {unknown}


   Skills:
 + Level 3.2 Dodging
 + Level 4.6 Stealth
 + Level 3.1 Spellcasting
 + Level 2.7 Conjurations
 * Level 4.8 Fire Magic


You had 7 spell levels left.
You knew the following spells:

 Your Spells              Type           Power        Failure   Level
a - Foxfire               Conj/Fire      72%          3%          1
b - Inner Flame           Hex/Fire       12%          16%         3

Your spell library contained the following spells:

 Spells                   Type           Power        Failure   Level
 Conjure Flame            Conj/Fire      18%          9%          3
 Corona                   Hex            3%           14%         1
 Ensorcelled Hibernation  Hex/Ice        6%           22%         2
 Dazzling Flash           Conj/Hex       16%          24%         3
 Sticky Flame             Conj/Fire      18%          30%         4
 Confusing Touch          Hex            3%           38%         3
 Gell's Gravitas          Tloc           1%           38%         3
 Tukima's Dance           Hex            3%           38%         3
 Fireball                 Conj/Fire      9%           63%         5
 Petrify                  Tmut/Erth      3%           80%         4
 Metabolic Englaciation   Hex/Ice        1%           98%         5
 Yara's Violent Unravell  Hex/Tmut       1%           98%         5


Dungeon Overview and Level Annotations

Branches:
Dungeon (5/15)
 Temple: D:4-7

Altars:


Innate Abilities, Weirdness & Mutations

You cannot wear most types of armour.
You are very stealthy in the water. (Stealth+)
You are amphibious.
You can wear up to eight rings at the same time.
You can use your tentacles to constrict eight enemies at once.
Your skin changes colour to match your surroundings (Stealth+).
Your rubbery body absorbs attacks. (AC +1, EV +1)


Message History

There is a stone staircase leading down here.
You climb downwards.
An iguana, a quokka and a skeleton come into view.
Found a scroll labelled WUANYIVEOT.
There is a stone staircase leading up here.
There are no items here.
Casting: Foxfire (safe; 3% risk of failure)
Confirm with . or Enter, or press ? or * to list all spells.
The spell is quite dangerous to cast (16% risk of failure)!
Continue anyway?
Aiming: Inner Flame (quite dangerous; 16% risk of failure)
Press: ? - help, Shift-Dir - straight line, f - quokka
Aim: a quokka (chance to affect: 79%)
The quokka is filled with an inner flame.
Casting: Inner Flame (quite dangerous; 16% risk of failure)
Confirm with . or Enter, or press ? or * to list all spells.
You conjure some foxfire!
The foxfire hits the quokka.
The quokka explodes!
The fiery explosion engulfs you!!!
Ouch! That really hurt!
You die...

## ########.
+........
#......#
#...l..#
#.Z....#
#v§.<..#
######.§.?..#
#...v@§§....#
##.##########


You could see an iguana and a bullfrog skeleton.

Vanquished Creatures
  An orc priest (D:2)
  Crazy Yiuf (D:3)
  Jessica (D:3)
  2 orc wizards
  A worker ant (D:4)
  Robin (D:3)
  3 gnolls (D:3)
  5 adders
  A white imp (D:3)
  3 dart slugs
  2 leopard geckos
  8 orcs
  4 ball pythons
  4 giant cockroaches
  16 goblins
  19 hobgoblins
  6 jackals
  6 kobolds
  2 quokkas
  5 bats
  5 frilled lizards
  2 rats
98 creatures vanquished.

Vanquished Creatures (others)
  331 foxfires
331 creatures vanquished.

Grand Total: 429 creatures vanquished

Notes
Turn   | Place    | Note
-------+----------+-------------------------------------------
     0 | D:1      | swilekon the Octopode Fire Elementalist began the quest for
                  | the Orb.
     0 | D:1      | Reached XP level 1. HP: 11/11 MP: 3/3
   345 | D:1      | Reached XP level 2. HP: 17/17 MP: 0/5
   802 | D:1      | Reached XP level 3. HP: 21/21 MP: 1/6
  2057 | D:2      | Learned a level 3 spell: Inner Flame
  2062 | D:2      | Reached XP level 4. HP: 27/27 MP: 0/7
  2721 | D:3      | Reached XP level 5. HP: 31/31 MP: 2/8
  3134 | D:3      | Noticed Robin
  3140 | D:3      | Killed Robin
  3422 | D:3      | Reached XP level 6. HP: 36/36 MP: 1/10
  3759 | D:3      | Noticed Jessica
  3766 | D:3      | Killed Jessica
  3844 | D:3      | Found a runed translucent door.
  3845 | D:3      | Noticed Crazy Yiuf
  4017 | D:3      | Killed Crazy Yiuf
  4374 | D:4      | Noticed an orc warrior
  4479 | D:5      | Entered Level 5 of the Dungeon
  4485 | D:5      | Killed by an exploding a quokka... exploding inner flame

Illustrated notes

Levels and vault maps discovered:
D:1:      lemuel_arrival_room, layout_basic, minmay_pentomino_v4
D:2:      layout_basic, grunt_decor_resistance
D:3:      layout_rooms, uniq_robin, uniq_jessica, uniq_crazy_yiuf_cottage
D:4:      layout_basic, uniq_blork_the_orc, uniq_eustachio
D:5:      layout_basic, minmay_temple_entry_poolview

Skill      XL: |  1  2  3  4  5  6 |
---------------+-------------------+-----
Stealth        | 3 4 |  4.6
Conjurations   | 2 |  2.7
Fire Magic     | 4 |  4.8
Dodging        | 3 |  3.2
Spellcasting   | 3 |  3.1

Action                   |  1- 3 |  4- 6 || total
-------------------------+-------+-------++-------
Melee: Unarmed           |    13 |       ||    13
       Constrict         |     2 |     4 ||     6
       Tentacles         |     2 |     2 ||     4
       Dagger            |     5 |    16 ||    21
 Cast: Foxfire           |    75 |   125 ||   200
       Inner Flame       |     1 |     7 ||     8
 Stab: Sleeping          |     2 |       ||     2
Armor: Skin              |       |     3 ||     3
Dodge: Dodged            |    10 |    49 ||    59
